Islanders vs Rangers

Created - 20 octobre 2017 at 17:54

Goals
1 2 3 T
Islanders 1 1 1 3
Rangers 0 0 0 0
Shots
1 2 3 T
Islanders 8 7 12 27
Rangers 10 9 7 26

1st period

1. Islanders , Lars Eller 2 (Josh Anderson 1, Patrick Sharp 1) at 16:38

Penalties :
Ondrej Palat (NYR) for Interference (Minor) at 13:37, Jamie McGinn (NYR) for Hooking (Minor) at 18:14

2nd period

2. Islanders , Niklas Hjalmarsson 2 (Matt Read 3) at 17:27

Penalties :
Michael Del Zotto (NYR) for Hooking (Minor) at 7:07

3rd period

3. Islanders , Derek Forbort 2 (Josh Anderson 2, Patrick Sharp 2) at 19:55

Penalties :
Colin Wilson (NYI) for Slashing (Minor) at 8:01, Oliver Ekman-Larsson (NYR) for Holding (Minor) at 16:05

Goalie Stats

Braden Holtby (NYI), 26 saves from 26 shots - (1.000), W, 3-4-2, 60:00 minutes
Brian Elliott (NYR), 24 saves from 27 shots - (0.889), L, 2-4-1, 60:00 minutes

Players Stats for Islanders

Player Name              G  A  P  +/- PIM S  H  SB GA TA FO     MP     PP MP  PK MP  
------------------------------------------------------------------------------------
Andy Greene              0  0  0   1  0   0  1  0  0  0  0/0    21:46   3:47   0:54 
Brian Boyle              0  0  0   1  0   0  0  0  0  0  6/13   14:25   3:53   1:30 
Colin Wilson             0  0  0   0  2   2  0  0  0  0  0/1    17:28   2:24   0:00 
Derek Forbort            1  0  1   2  0   2  0  2  0  0  0/0    19:53   1:08   0:54 
Jean-Sebastien Dea       0  0  0   0  0   2  0  0  0  0  1/3    11:26   0:34   0:00 
Josh Anderson            0  2  2   2  0   2  3  0  0  0  1/1    17:04   0:56   0:00 
Josh Jooris              0  0  0   0  0   0  0  0  0  0  1/1    11:07   0:15   0:00 
Josh Manson              0  0  0   2  0   2  2  0  0  0  0/0    23:32   4:07   1:05 
Lars Eller               1  0  1   1  0   6  0  0  0  0  13/24  19:41   2:58   0:50 
Luca Sbisa               0  0  0   0  0   0  0  0  0  0  0/0    13:51   0:02   0:00 
Matt Read                0  1  1   2  0   1  0  0  0  0  3/10   15:22   2:14   0:00 
Nate Thompson            0  0  0   0  0   0  0  0  0  0  7/14    9:46   2:29   0:00 
Niklas Hjalmarsson       1  0  1   1  0   4  0  2  0  0  0/0    24:28   4:07   1:05 
Patrick Sharp            0  2  2   2  0   2  0  0  0  0  0/2    20:20   4:02   0:29 
Pierre-Alexandr Parentea 0  0  0   0  0   1  4  0  0  0  0/1    17:29   2:24   0:00 
Roman Polak              0  0  0   0  0   1  2  0  0  0  0/0    15:49   2:41   0:00 
Tom Kuhnhackl            0  0  0   1  0   2  0  0  0  0  0/0    10:10   1:39   0:00 
Zack Kassian             0  0  0   0  0   0  8  0  0  0  2/9    14:23   0:00   1:09 

Players Stats for Rangers

Player Name              G  A  P  +/- PIM S  H  SB GA TA FO     MP     PP MP  PK MP  
------------------------------------------------------------------------------------
Alex Goligoski           0  0  0  -2  0   0  0  2  0  0  0/0    21:56   1:09   4:23 
Alexei Emelin            0  0  0   0  0   0  4  0  0  0  0/0    18:04   0:00   4:19 
Anthony Mantha           0  0  0  -2  0   9  0  0  0  0  0/1    15:30   0:50   0:24 
Benoit Pouliot           0  0  0  -1  0   0  0  0  0  0  1/3     8:36   0:00   1:24 
Brandon Pirri            0  0  0  -1  0   1  0  0  0  0  2/7     7:55   0:00   0:43 
Cedric Paquette          0  0  0   0  0   0  0  0  0  0  0/0    14:57   0:00   3:51 
Connor McDavid           0  0  0   0  0   5  1  0  0  0  9/18   18:40   1:09   0:00 
Conor Sheary             0  0  0   0  0   1  1  0  0  0  0/0    18:40   1:09   0:00 
Craig Smith              0  0  0   0  0   1  0  1  0  0  0/0    11:06   0:00   0:00 
James Neal               0  0  0   0  0   0  2  0  0  0  1/2    18:40   1:09   0:00 
Jamie McGinn             0  0  0  -1  2   1  3  0  0  0  0/0     7:11   0:00   0:00 
Matt Niskanen            0  0  0  -1  0   0  0  1  0  0  0/0    24:19   1:09   3:45 
Michael Del Zotto        0  0  0  -1  2   0  1  0  0  0  0/0    17:22   0:50   0:00 
Nick Bonino              0  0  0   0  0   2  0  1  0  0  8/13   14:57   0:00   3:51 
Nick Schultz             0  0  0  -1  0   2  2  3  0  0  0/0    17:00   0:00   2:49 
Oliver Ekman-Larsson     0  0  0  -1  2   1  1  1  0  0  0/0    21:17   0:50   0:36 
Ondrej Palat             0  0  0  -2  2   3  1  0  0  0  1/1    17:22   0:50   2:17 
Phillip Danault          0  0  0  -2  0   0  2  0  0  0  23/34  18:28   0:50   3:22 

3 Stars

1 - Braden Holtby (NYI)
2 - Josh Anderson (NYI)
3 - Derek Forbort (NYI)

Power Play

Islanders - 0 on 4 Attempt(s) - 0.00%
Rangers - 0 on 1 Attempt(s) - 0.00%

Penalty Kill

Islanders - 1 on 1 Attempt(s) - 100.00% - Score 0 goal in Penalty Kill
Rangers - 4 on 4 Attempt(s) - 100.00% - Score 0 goal in Penalty Kill

Team Stat

Islanders - Hits : 20 - Faceoff Wins : 34 - Blocked Shots : 4 - Penalty Minutes : 2
Rangers - Hits : 18 - Faceoff Wins : 45 - Blocked Shots : 9 - Penalty Minutes : 8

Official

Referees : Rob Martell and Jean Hebert
Linesman : Tony Sericolo and Darren Gibbs

Game Notes

Nate Thompson is injured at 14:17 of 2nd period (Sprained Left Ankle)

Finance

Level 1 -- Attendance: 4330 (66.62%) -- Ticket Income 541 250 $
Level 2 -- Attendance: 5000 (100.00%) -- Ticket Income 375 000 $
Level 3 -- Attendance: 3194 (91.26%) -- Ticket Income 159 700 $
Level 4 -- Attendance: 2006 (100.00%) -- Ticket Income 50 150 $
Luxury Box -- Attendance: 749 (74.90%) -- Ticket Income 187 250 $
Game was played at the Madison Square Garden.
Total Attendance: 15279 (84.86%)
Total Ticket Income: 1 313 350 $
Other Income: 197 002 $
Total Income: 1 510 352 $

% Time on Ice - Islanders

Lines # - Real PCT - Wanted PCT - Time Play
Normal Forward
1 - 31% - 40% - 15:37
2 - 32% - 30% - 15:47
3 - 17% - 20% - 8:31
4 - 20% - 10% - 10:10
Normal Defense
1 - 38% - 46% - 18:51
2 - 33% - 34% - 16:24
3 - 28% - 20% - 13:49
4 - 2% - 0% - 1:01
PP Forward
1 - 70% - 60% - 5:32
2 - 30% - 40% - 2:24
PP Defense
1 - 52% - 60% - 4:07
2 - 48% - 40% - 3:49
PK Forward
1 - 100% - 60% - 1:59
2 - 0% - 40% - 0:00
PK Defense
1 - 55% - 60% - 1:05
2 - 45% - 40% - 0:54
PK3 Forward
1 - 0% - 60%
2 - 0% - 40%
PK3 Defense
1 - 0% - 60%
2 - 0% - 40%
44 Forward
1 - 0% - 60%
2 - 0% - 40%
44 Defense
1 - 0% - 60%
2 - 0% - 40%
Last Minute Offensive  - 0:00
Last Minute Defensive  - 0:00
Total
Forward - 60:00
Defense - 60:00

% Time on Ice - Rangers

Lines # - Real PCT - Wanted PCT - Time Play
Normal Forward
1 - 35% - 38% - 17:31
2 - 28% - 32% - 14:16
3 - 22% - 20% - 11:06
4 - 14% - 10% - 7:12
Normal Defense
1 - 39% - 39% - 19:21
2 - 33% - 36% - 16:29
3 - 28% - 25% - 14:11
4 - 0% - 0% - 0:04
PP Forward
1 - 58% - 65% - 1:09
2 - 42% - 35% - 0:50
PP Defense
1 - 42% - 65% - 0:50
2 - 58% - 35% - 1:09
PK Forward
1 - 51% - 55% - 4:05
2 - 49% - 45% - 3:51
PK Defense
1 - 47% - 60% - 3:45
2 - 53% - 40% - 4:11
PK3 Forward
1 - 0% - 55%
2 - 0% - 45%
PK3 Defense
1 - 0% - 65%
2 - 0% - 35%
44 Forward
1 - 0% - 51%
2 - 0% - 49%
44 Defense
1 - 0% - 55%
2 - 0% - 45%
Last Minute Offensive  - 0:00
Last Minute Defensive  - 0:00
Total
Forward - 60:00
Defense - 60:00

Play by Play

1st period


0:01 of 1st period - Connor McDavid wins face-off versus Lars Eller in neutral zone.
0:12 of 1st period - Shot by Conor Sheary.
0:12 of 1st period - Stopped by Braden Holtby without a rebound.
0:13 of 1st period - Phillip Danault wins face-off versus Nate Thompson in Islanders zone.
1:25 of 1st period - Shot by Josh Anderson.
1:25 of 1st period - Stopped by Brian Elliott without a rebound.
1:26 of 1st period - Brian Boyle wins face-off versus Connor McDavid in Rangers zone.
1:43 of 1st period - Shot by Connor McDavid.
1:43 of 1st period - Stopped by Braden Holtby without a rebound.
1:44 of 1st period - Nick Bonino wins face-off versus Lars Eller in Islanders zone.
3:43 of 1st period - Shot by Tom Kuhnhackl.
3:43 of 1st period - Stopped by Brian Elliott without a rebound.
3:44 of 1st period - Phillip Danault wins face-off versus Nate Thompson in Rangers zone.
4:00 of 1st period - Icing by Oliver Ekman-Larsson.
4:01 of 1st period - Brian Boyle wins face-off versus Phillip Danault in Rangers zone.
4:27 of 1st period - Shot by Anthony Mantha.
4:27 of 1st period - Stopped by Braden Holtby without a rebound.
4:28 of 1st period - Connor McDavid wins face-off versus Pierre-Alexandr Parenteau in Islanders zone.
4:28 of 1st period - Conor Sheary is hit by Roman Polak and loses puck.
4:39 of 1st period - Shot by Pierre-Alexandr Parenteau.
4:39 of 1st period - Shot Blocked by Nick Schultz.
6:03 of 1st period - Josh Manson is hit by Jamie McGinn and loses puck.
6:52 of 1st period - Shot by Ondrej Palat.
6:52 of 1st period - Shot Blocked by Niklas Hjalmarsson.
6:54 of 1st period - Shot by Nick Schultz.
6:54 of 1st period - Stopped by Braden Holtby without a rebound.
6:55 of 1st period - Josh Anderson wins face-off versus Connor McDavid in Islanders zone.
6:55 of 1st period - Josh Anderson is hit by Connor McDavid.
8:03 of 1st period - Shot by Anthony Mantha.
8:03 of 1st period - Stopped by Braden Holtby without a rebound.
8:04 of 1st period - Nick Bonino wins face-off versus Brian Boyle in Islanders zone.
8:18 of 1st period - Shot by Brian Boyle.
8:18 of 1st period - Shot Misses the Net.
8:23 of 1st period - Icing by Craig Smith.
8:24 of 1st period - Nate Thompson wins face-off versus Nick Bonino in Rangers zone.
8:59 of 1st period - Icing by Roman Polak.
9:00 of 1st period - Nate Thompson wins face-off versus Connor McDavid in Islanders zone.
9:39 of 1st period - Shot by Connor McDavid.
9:39 of 1st period - Stopped by Braden Holtby without a rebound.
9:40 of 1st period - Phillip Danault wins face-off versus Lars Eller in Islanders zone.
10:53 of 1st period - Icing by Niklas Hjalmarsson.
10:54 of 1st period - Lars Eller wins face-off versus Connor McDavid in Islanders zone.
11:26 of 1st period - Shot by Colin Wilson.
11:26 of 1st period - Stopped by Brian Elliott without a rebound.
11:27 of 1st period - Brian Boyle wins face-off versus Nick Bonino in Rangers zone.
11:58 of 1st period - Tom Kuhnhackl is hit by Alexei Emelin and loses puck.
12:10 of 1st period - Craig Smith is hit by Zack Kassian and loses puck.
13:23 of 1st period - Michael Del Zotto is hit by Zack Kassian and loses puck.
13:30 of 1st period - Connor McDavid is hit by Zack Kassian.
13:37 of 1st period - Minor Penalty to Ondrej Palat for Interference.
13:38 of 1st period - Phillip Danault wins face-off versus Brian Boyle in Rangers zone.
14:06 of 1st period - Icing by Nate Thompson.
14:07 of 1st period - Phillip Danault wins face-off versus Nate Thompson in Islanders zone.
14:19 of 1st period - Icing by Josh Manson.
14:20 of 1st period - Phillip Danault wins face-off versus Nate Thompson in Islanders zone.
15:28 of 1st period - Shot by Niklas Hjalmarsson.
15:28 of 1st period - Shot Blocked by Alex Goligoski.
15:30 of 1st period - Shot by Matt Read.
15:30 of 1st period - Deflect By Tom Kuhnhackl.
15:30 of 1st period - Shot Misses the Net.
15:32 of 1st period - Shot by Tom Kuhnhackl.
15:32 of 1st period - Shot Misses the Net.
15:34 of 1st period - Shot by Niklas Hjalmarsson.
15:34 of 1st period - Stopped by Brian Elliott without a rebound.
15:35 of 1st period - Phillip Danault wins face-off versus Lars Eller in Rangers zone.
16:02 of 1st period - Shot by Connor McDavid.
16:02 of 1st period - Stopped by Braden Holtby without a rebound.
16:03 of 1st period - Nick Bonino wins face-off versus Brian Boyle in Islanders zone.
16:04 of 1st period - Shot by Craig Smith.
16:04 of 1st period - Stopped by Braden Holtby without a rebound.
16:05 of 1st period - Nick Bonino wins face-off versus Brian Boyle in Islanders zone.
16:14 of 1st period - Shot by Tom Kuhnhackl.
16:14 of 1st period - Shot Blocked by Craig Smith.
16:16 of 1st period - Shot by Niklas Hjalmarsson.
16:16 of 1st period - Stopped by Brian Elliott without a rebound.
16:17 of 1st period - Lars Eller wins face-off versus Phillip Danault in Rangers zone.
16:18 of 1st period - Shot by Patrick Sharp.
16:18 of 1st period - Stopped by Brian Elliott without a rebound.
16:19 of 1st period - Phillip Danault wins face-off versus Lars Eller in Rangers zone.
16:36 of 1st period - Shot by Josh Anderson.
16:36 of 1st period - Shot Misses the Net.
16:38 of 1st period - Shot by Lars Eller.
16:38 of 1st period - Goal by Lars Eller - Islanders : 1 - Rangers : 0.
16:39 of 1st period - Nate Thompson wins face-off versus James Neal in neutral zone.
16:56 of 1st period - Shot by Connor McDavid.
16:56 of 1st period - Stopped by Braden Holtby with a rebound.
17:50 of 1st period - Shot by Josh Anderson.
17:50 of 1st period - Shot Hit the Post.
18:02 of 1st period - Shot by Ondrej Palat.
18:02 of 1st period - Stopped by Braden Holtby without a rebound.
18:03 of 1st period - Brandon Pirri wins face-off versus Matt Read in Islanders zone.
18:14 of 1st period - Minor Penalty to Jamie McGinn for Hooking.
18:15 of 1st period - Nick Bonino wins face-off versus Nate Thompson in Rangers zone.
19:43 of 1st period - Shot by Nick Bonino.
19:43 of 1st period - Shot Blocked by Niklas Hjalmarsson.
19:57 of 1st period - Shot by Tom Kuhnhackl.
19:57 of 1st period - Deflect By Josh Anderson.
19:57 of 1st period - Stopped by Brian Elliott without a rebound.
19:58 of 1st period - Phillip Danault wins face-off versus Nate Thompson in Rangers zone.
Goals for this period are 1 for Islanders vs 0 for Rangers.
Shots for this period are 8 for Islanders vs 10 for Rangers.

2nd period


0:01 of 2nd period - Nate Thompson wins face-off versus Phillip Danault in neutral zone.
0:24 of 2nd period - Shot by Connor McDavid.
0:24 of 2nd period - Shot Blocked by Derek Forbort.
2:28 of 2nd period - Shot by Nick Bonino.
2:28 of 2nd period - Stopped by Braden Holtby with a rebound.
2:30 of 2nd period - Shot by Nick Schultz.
2:30 of 2nd period - Stopped by Braden Holtby with a rebound.
2:32 of 2nd period - Shot by Nick Schultz.
2:32 of 2nd period - Shot Misses the Net.
3:50 of 2nd period - Shot by Connor McDavid.
3:50 of 2nd period - Shot Misses the Net.
4:20 of 2nd period - Josh Manson is hit by Phillip Danault and loses puck.
4:32 of 2nd period - Shot by Anthony Mantha.
4:32 of 2nd period - Stopped by Braden Holtby without a rebound.
4:33 of 2nd period - Lars Eller wins face-off versus Nick Bonino in Islanders zone.
4:51 of 2nd period - Icing by Luca Sbisa.
4:52 of 2nd period - Lars Eller wins face-off versus Brandon Pirri in Islanders zone.
5:03 of 2nd period - Benoit Pouliot is hit by Josh Anderson and loses puck.
5:45 of 2nd period - Shot by James Neal.
5:45 of 2nd period - Shot Misses the Net.
5:47 of 2nd period - Shot by Connor McDavid.
5:47 of 2nd period - Stopped by Braden Holtby without a rebound.
5:48 of 2nd period - Brian Boyle wins face-off versus Phillip Danault in Islanders zone.
5:56 of 2nd period - Matt Read is hit by Nick Schultz and loses puck.
6:17 of 2nd period - Shot by Tom Kuhnhackl.
6:17 of 2nd period - Stopped by Brian Elliott with a rebound.
6:39 of 2nd period - Shot by Lars Eller.
6:39 of 2nd period - Stopped by Brian Elliott without a rebound.
6:40 of 2nd period - Nate Thompson wins face-off versus Connor McDavid in Rangers zone.
6:46 of 2nd period - Shot by Nate Thompson.
6:46 of 2nd period - Shot Misses the Net.
7:01 of 2nd period - Pierre-Alexandr Parenteau is hit by Michael Del Zotto and loses puck.
7:07 of 2nd period - Minor Penalty to Michael Del Zotto for Hooking.
7:08 of 2nd period - Nate Thompson wins face-off versus Nick Bonino in Rangers zone.
8:28 of 2nd period - Shot by Matt Read.
8:28 of 2nd period - Stopped by Brian Elliott without a rebound.
8:29 of 2nd period - Phillip Danault wins face-off versus Lars Eller in Rangers zone.
9:27 of 2nd period - Oliver Ekman-Larsson is hit by Zack Kassian and loses puck.
10:09 of 2nd period - Shot by Jamie McGinn.
10:09 of 2nd period - Stopped by Braden Holtby with a rebound.
10:44 of 2nd period - Shot by Patrick Sharp.
10:44 of 2nd period - Deflect By Lars Eller.
10:44 of 2nd period - Stopped by Brian Elliott without a rebound.
10:45 of 2nd period - Phillip Danault wins face-off versus Nate Thompson in Rangers zone.
10:56 of 2nd period - Nate Thompson is hit by Oliver Ekman-Larsson and loses puck.
11:57 of 2nd period - Icing by Derek Forbort.
11:58 of 2nd period - Lars Eller wins face-off versus Nick Bonino in Islanders zone.
12:13 of 2nd period - Alex Goligoski is hit by Zack Kassian and loses puck.
12:20 of 2nd period - Nick Bonino is hit by Zack Kassian and loses puck.
13:26 of 2nd period - Icing by Niklas Hjalmarsson.
13:27 of 2nd period - Brian Boyle wins face-off versus Brandon Pirri in Islanders zone.
13:46 of 2nd period - Shot by Brandon Pirri.
13:46 of 2nd period - Stopped by Braden Holtby without a rebound.
13:47 of 2nd period - Nate Thompson wins face-off versus Anthony Mantha in Islanders zone.
13:47 of 2nd period - Nate Thompson is hit by Phillip Danault.
14:16 of 2nd period - Nate Thompson is hit by Ondrej Palat and loses puck.
14:17 of 2nd period - Nate Thompson from Islanders is injured at 14:17 of 2nd period (Sprained Left Ankle).
14:18 of 2nd period - Nick Bonino wins face-off versus Lars Eller in neutral zone.
14:31 of 2nd period - Cedric Paquette is hit by Josh Anderson and loses puck.
14:42 of 2nd period - Shot by Lars Eller.
14:42 of 2nd period - Shot Misses the Net.
14:44 of 2nd period - Shot by Andy Greene.
14:44 of 2nd period - Shot Blocked by Nick Schultz.
15:26 of 2nd period - Brian Boyle is hit by Alexei Emelin and loses puck.
16:03 of 2nd period - Shot by Colin Wilson.
16:03 of 2nd period - Shot Blocked by Oliver Ekman-Larsson.
16:05 of 2nd period - Shot by Roman Polak.
16:05 of 2nd period - Stopped by Brian Elliott with a rebound.
16:10 of 2nd period - Icing by Matt Niskanen.
16:11 of 2nd period - Lars Eller wins face-off versus Connor McDavid in Rangers zone.
16:15 of 2nd period - Icing by Conor Sheary.
16:16 of 2nd period - Connor McDavid wins face-off versus Lars Eller in Rangers zone.
16:27 of 2nd period - Shot by Conor Sheary.
16:27 of 2nd period - Shot Misses the Net.
17:15 of 2nd period - Icing by Matt Read.
17:16 of 2nd period - Phillip Danault wins face-off versus Brian Boyle in Islanders zone.
17:18 of 2nd period - Ondrej Palat is hit by Josh Manson and loses puck.
17:25 of 2nd period - Shot by Matt Read.
17:25 of 2nd period - Shot Misses the Net.
17:27 of 2nd period - Shot by Niklas Hjalmarsson.
17:27 of 2nd period - Goal by Niklas Hjalmarsson - Islanders : 2 - Rangers : 0.
17:28 of 2nd period - Matt Read wins face-off versus Brandon Pirri in neutral zone.
17:39 of 2nd period - Icing by Benoit Pouliot.
17:40 of 2nd period - Jean-Sebastien Dea wins face-off versus Brandon Pirri in Rangers zone.
17:47 of 2nd period - Shot by Jean-Sebastien Dea.
17:47 of 2nd period - Stopped by Brian Elliott without a rebound.
17:48 of 2nd period - Phillip Danault wins face-off versus Matt Read in Rangers zone.
17:53 of 2nd period - Shot by Anthony Mantha.
17:53 of 2nd period - Stopped by Braden Holtby without a rebound.
17:54 of 2nd period - Matt Read wins face-off versus Phillip Danault in Islanders zone.
17:56 of 2nd period - Icing by Niklas Hjalmarsson.
17:57 of 2nd period - Phillip Danault wins face-off versus Matt Read in Islanders zone.
18:02 of 2nd period - Shot by Anthony Mantha.
18:02 of 2nd period - Stopped by Braden Holtby without a rebound.
18:03 of 2nd period - Phillip Danault wins face-off versus Patrick Sharp in Islanders zone.
18:31 of 2nd period - Icing by Oliver Ekman-Larsson.
18:32 of 2nd period - Phillip Danault wins face-off versus Matt Read in Rangers zone.
19:37 of 2nd period - Conor Sheary is hit by Josh Manson and loses puck.
19:58 of 2nd period - Shot by Nick Bonino.
19:58 of 2nd period - Stopped by Braden Holtby without a rebound.
19:59 of 2nd period - Lars Eller wins face-off versus Benoit Pouliot in Islanders zone.
Goals for this period are 1 for Islanders vs 0 for Rangers.
Shots for this period are 7 for Islanders vs 9 for Rangers.

3rd period


0:01 of 3rd period - Lars Eller wins face-off versus Connor McDavid in neutral zone.
0:01 of 3rd period - Josh Manson is hit by James Neal and loses puck.
0:05 of 3rd period - Off-side.
0:06 of 3rd period - Connor McDavid wins face-off versus Lars Eller in neutral zone.
0:21 of 3rd period - Shot by Josh Anderson.
0:21 of 3rd period - Shot Misses the Net.
0:25 of 3rd period - Shot by Patrick Sharp.
0:25 of 3rd period - Shot Misses the Net.
0:35 of 3rd period - Shot by Lars Eller.
0:35 of 3rd period - Stopped by Brian Elliott without a rebound.
0:36 of 3rd period - Phillip Danault wins face-off versus Colin Wilson in Rangers zone.
0:36 of 3rd period - Phillip Danault is hit by Pierre-Alexandr Parenteau.
0:49 of 3rd period - Shot by Ondrej Palat.
0:49 of 3rd period - Shot Misses the Net.
0:57 of 3rd period - Phillip Danault is hit by Andy Greene and loses puck.
1:12 of 3rd period - Shot by Anthony Mantha.
1:12 of 3rd period - Stopped by Braden Holtby without a rebound.
1:13 of 3rd period - Nick Bonino wins face-off versus Jean-Sebastien Dea in Islanders zone.
1:25 of 3rd period - Matt Niskanen is hit by Zack Kassian and loses puck.
1:40 of 3rd period - Shot by Niklas Hjalmarsson.
1:40 of 3rd period - Stopped by Brian Elliott without a rebound.
1:41 of 3rd period - Connor McDavid wins face-off versus Lars Eller in Rangers zone.
2:01 of 3rd period - Icing by Alexei Emelin.
2:02 of 3rd period - Connor McDavid wins face-off versus Matt Read in Rangers zone.
2:02 of 3rd period - Connor McDavid is hit by Pierre-Alexandr Parenteau.
2:20 of 3rd period - Shot by Pierre-Alexandr Parenteau.
2:20 of 3rd period - Shot Misses the Net.
2:22 of 3rd period - Shot by Colin Wilson.
2:22 of 3rd period - Deflect By Pierre-Alexandr Parenteau.
2:22 of 3rd period - Stopped by Brian Elliott without a rebound.
2:23 of 3rd period - Lars Eller wins face-off versus Phillip Danault in Rangers zone.
2:54 of 3rd period - Shot by Lars Eller.
2:54 of 3rd period - Shot Misses the Net.
2:56 of 3rd period - Shot by Patrick Sharp.
2:56 of 3rd period - Stopped by Brian Elliott without a rebound.
2:57 of 3rd period - Nick Bonino wins face-off versus Matt Read in Rangers zone.
2:57 of 3rd period - Nick Bonino is hit by Pierre-Alexandr Parenteau.
3:19 of 3rd period - Shot by Colin Wilson.
3:19 of 3rd period - Stopped by Brian Elliott without a rebound.
3:20 of 3rd period - Connor McDavid wins face-off versus Jean-Sebastien Dea in Rangers zone.
3:27 of 3rd period - Luca Sbisa is hit by Conor Sheary and loses puck.
3:36 of 3rd period - Shot by Conor Sheary.
3:36 of 3rd period - Shot Misses the Net.
3:43 of 3rd period - Off-side.
3:44 of 3rd period - Lars Eller wins face-off versus Phillip Danault in neutral zone.
5:11 of 3rd period - Zack Kassian is hit by James Neal.
5:17 of 3rd period - Michael Del Zotto is hit by Zack Kassian and loses puck.
5:56 of 3rd period - Brian Boyle is hit by Alexei Emelin.
5:58 of 3rd period - Shot by Matt Read.
5:58 of 3rd period - Shot Blocked by Nick Bonino.
6:42 of 3rd period - Shot by Lars Eller.
6:42 of 3rd period - Stopped by Brian Elliott without a rebound.
6:43 of 3rd period - Benoit Pouliot wins face-off versus Zack Kassian in Rangers zone.
7:03 of 3rd period - Jamie McGinn is hit by Roman Polak and loses puck.
7:24 of 3rd period - Lars Eller is hit by Jamie McGinn and loses puck.
7:33 of 3rd period - Shot by Patrick Sharp.
7:33 of 3rd period - Deflect By Lars Eller.
7:33 of 3rd period - Stopped by Brian Elliott without a rebound.
7:34 of 3rd period - Lars Eller wins face-off versus Phillip Danault in Rangers zone.
7:59 of 3rd period - Shot by Josh Manson.
7:59 of 3rd period - Stopped by Brian Elliott without a rebound.
8:00 of 3rd period - Connor McDavid wins face-off versus Matt Read in Rangers zone.
8:00 of 3rd period - Connor McDavid is hit by Pierre-Alexandr Parenteau.
8:01 of 3rd period - Minor Penalty to Colin Wilson for Slashing.
8:02 of 3rd period - Connor McDavid wins face-off versus Zack Kassian in Islanders zone.
9:00 of 3rd period - Icing by Alex Goligoski.
9:01 of 3rd period - James Neal wins face-off versus Zack Kassian in Rangers zone.
9:05 of 3rd period - Off-side.
9:06 of 3rd period - Ondrej Palat wins face-off versus Zack Kassian in neutral zone.
9:10 of 3rd period - Off-side.
9:11 of 3rd period - Zack Kassian wins face-off versus Phillip Danault in neutral zone.
9:23 of 3rd period - Shot by Anthony Mantha.
9:23 of 3rd period - Stopped by Braden Holtby without a rebound.
9:24 of 3rd period - Phillip Danault wins face-off versus Zack Kassian in Islanders zone.
9:27 of 3rd period - Shot by Ondrej Palat.
9:27 of 3rd period - Stopped by Braden Holtby without a rebound.
9:28 of 3rd period - Phillip Danault wins face-off versus Zack Kassian in Islanders zone.
9:33 of 3rd period - Shot by Anthony Mantha.
9:33 of 3rd period - Stopped by Braden Holtby without a rebound.
9:34 of 3rd period - Phillip Danault wins face-off versus Zack Kassian in Islanders zone.
9:53 of 3rd period - Shot by Ondrej Palat.
9:53 of 3rd period - Shot Misses the Net.
9:55 of 3rd period - Shot by Oliver Ekman-Larsson.
9:55 of 3rd period - Stopped by Braden Holtby without a rebound.
9:56 of 3rd period - Lars Eller wins face-off versus Connor McDavid in Islanders zone.
11:13 of 3rd period - Shot by Connor McDavid.
11:13 of 3rd period - Deflect By James Neal.
11:13 of 3rd period - Shot Misses the Net.
11:47 of 3rd period - Shot by Jean-Sebastien Dea.
11:47 of 3rd period - Stopped by Brian Elliott without a rebound.
11:48 of 3rd period - Brian Boyle wins face-off versus Brandon Pirri in Rangers zone.
11:48 of 3rd period - Brian Boyle is hit by Alexei Emelin.
12:42 of 3rd period - Shot by Alex Goligoski.
12:42 of 3rd period - Shot Blocked by Derek Forbort.
12:47 of 3rd period - Icing by Andy Greene.
12:48 of 3rd period - Phillip Danault wins face-off versus Brian Boyle in Islanders zone.
12:51 of 3rd period - Shot by Anthony Mantha.
12:51 of 3rd period - Stopped by Braden Holtby without a rebound.
12:52 of 3rd period - Lars Eller wins face-off versus Connor McDavid in Islanders zone.
13:44 of 3rd period - Icing by Roman Polak.
13:45 of 3rd period - Zack Kassian wins face-off versus Phillip Danault in Islanders zone.
14:54 of 3rd period - Shot by Cedric Paquette.
14:54 of 3rd period - Shot Misses the Net.
15:31 of 3rd period - Icing by Matt Niskanen.
15:32 of 3rd period - Brandon Pirri wins face-off versus Lars Eller in Rangers zone.
15:32 of 3rd period - Brandon Pirri is hit by Josh Anderson.
15:50 of 3rd period - Shot by Jamie McGinn.
15:50 of 3rd period - Shot Misses the Net.
16:05 of 3rd period - Minor Penalty to Oliver Ekman-Larsson for Holding.
16:06 of 3rd period - Phillip Danault wins face-off versus Patrick Sharp in Rangers zone.
17:37 of 3rd period - Shot by Andy Greene.
17:37 of 3rd period - Shot Misses the Net.
17:39 of 3rd period - Shot by Derek Forbort.
17:39 of 3rd period - Stopped by Brian Elliott with a rebound.
17:41 of 3rd period - Shot by Andy Greene.
17:41 of 3rd period - Shot Blocked by Alex Goligoski.
18:56 of 3rd period - Shot by Colin Wilson.
18:56 of 3rd period - Shot Blocked by Matt Niskanen.
18:58 of 3rd period - Shot by Josh Manson.
18:58 of 3rd period - Stopped by Brian Elliott without a rebound.
18:59 of 3rd period - Phillip Danault wins face-off versus Brian Boyle in Rangers zone.
19:29 of 3rd period - Shot by Ondrej Palat.
19:29 of 3rd period - Stopped by Braden Holtby without a rebound.
19:30 of 3rd period - Matt Read wins face-off versus Benoit Pouliot in Islanders zone.
19:30 of 3rd period - Matt Read is hit by Jamie McGinn.
19:36 of 3rd period - Derek Forbort is hit by Nick Schultz and loses puck.
19:53 of 3rd period - Shot by Josh Anderson.
19:53 of 3rd period - Shot Blocked by Nick Schultz.
19:55 of 3rd period - Shot by Derek Forbort.
19:55 of 3rd period - Goal by Derek Forbort - Islanders : 3 - Rangers : 0.
19:56 of 3rd period - Josh Jooris wins face-off versus Phillip Danault in neutral zone.
Goals for this period are 1 for Islanders vs 0 for Rangers.
Shots for this period are 12 for Islanders vs 7 for Rangers.